 Dungeon Crawl Stone Soup version 0.19.3-4-gbf9329e (webtiles) character file.

127 empire the Grave Robber (level 4, 0/32 HPs)
             Began as a Mummy Necromancer on Jan 30, 2017.
             Slain by a river rat (9 damage)
             ... on level 3 of the Dungeon.
             The game lasted 00:04:26 (2571 turns).

empire the Grave Robber (Mummy Necromancer)         Turns: 2571, Time: 00:04:27

Health: 0/32       AC:  2    Str: 11    XL:     4   Next: 85%
Magic:  0/9        EV: 12    Int: 15    God:
Gold:   177        SH:  0    Dex: 12    Spells: 3 memorised, 2 levels left

rFire  x . .     SeeInvis .     a - +0 short sword
rCold  + . .     Gourm    .     d - +0 robe
rNeg   + + +     Faith    .     (no shield)
rPois  ∞         Spirit   .     (no helmet)
rElec  .         Reflect  .     (no cloak)
rCorr  .         Harm     .     (no gloves)
MR     .....                    (no boots)
Stlth  ++........               (no amulet)
                                (no ring)
                                (no ring)

@: no status effects
A: no food or potions, fire vulnerability, cold resistance 1, negative energy
resistance 3, torment resistance, unbreathing
a: no special abilities


You were on level 3 of the Dungeon.
You were not hungry.

You visited 1 branch of the dungeon, and saw 3 of its levels.

You collected 177 gold pieces.

Inventory:

Hand Weapons
 a - a +0 short sword (weapon)
Armour
 d - a +0 robe (worn)
Scrolls
 c - 2 scrolls of fog {unknown}
 f - 2 scrolls of identify {unknown}
 g - 2 scrolls of remove curse {unknown}
Books
 b - a book of Necromancy

   Spells                             Type                      Level
   a - Pain                           Necromancy                   1
   b - Animate Skeleton               Necromancy                   1
   c - Vampiric Draining              Necromancy                   3
   d - Regeneration                   Charms/Necromancy            3
   e - Animate Dead                   Necromancy                   4
   f - Control Undead                 Necromancy                   4


   Skills:
 - Level 1.0 Fighting
 - Level 1.5 Dodging
 - Level 1.5 Stealth
 * Level 3.5 Spellcasting
 * Level 5.1 Necromancy


You had 2 spell levels left.
You knew the following spells:

 Your Spells              Type           Power        Failure   Level  Hunger
a - Pain                  Necr           ###.         1%          1    N/A
b - Vampiric Draining     Necr           ###.......   10%         3    N/A
c - Control Undead        Necr           ###.......   24%         4    N/A

Dungeon Overview and Level Annotations

Branches:
Dungeon (3/15)

Altars:
Nemelex Xobeh
Sif Muna
Trog
Yredelemnul

Portals:
Sewer: D:3


Innate Abilities, Weirdness & Mutations

You do not eat or drink.
Your flesh is vulnerable to fire.
You are immune to poison.
Your flesh is cold resistant. (rC+)
You are immune to negative energy. (rN+++)
You are immune to unholy pain and torment.
You can survive without breathing.


Message History

There are no items here.
You open the door.
A ball python, 2 rats and a river rat come into view.
Found a glowing drain.
A worm comes into view.
The river rat bites you.
* * * LOW HITPOINT WARNING * * *
There is an open door here.
You hit the river rat.
The river rat is lightly wounded.
The ball python hisses angrily.
The river rat barely misses you. The ball python closely misses you.
The ball python barely misses you.
Casting: Pain
Confirm with . or Enter, or press ? or * to list all spells.
Aiming: Pain
Press: ? - help, Shift-Dir - straight line, f - ball python
Aim: a ball python (chance to defeat MR: 89%)
The ball python writhes in agony!
The river rat bites you!
You die...

#.#.##...## *,*,***,
#....g.)..#****,*,*
*,
#..######...,,,,*,*
*,
#..#≈≈r≈#,*#*****,*
*, ##)#≈r≈≈#,# *,**,*
*, #†#≈∩≈≈#.#***,**,*
*,
#.#≈≈≈≈#.#,,,,**+****
##.#Sr≈w#,*,**,,,,,*
#..##@###.#.#*,,,,,*
#...........#*,,,,,*
#.######.####*,,,,,*
#.,,,,,,,# *,,,,,*
##******,* *,,,,,*
*,* *,,,,,* *,*
*,,,,,* *,* *,,,,,*
*,* *********


You could see a worm, a river rat, a ball python and 2 rats.

Vanquished Creatures
  4 adders (D:2)
  4 gnolls (D:3)
  A worm (D:2)
  2 leopard geckos
  3 bats
  A giant cockroach (D:3)
  3 goblins
  9 hobgoblins
  5 jackals
  6 frilled lizards
  5 kobolds
  5 rats
  A spectral orc (D:2)
49 creatures vanquished.

Notes
Turn   | Place    | Note
-------+----------+-------------------------------------------
     0 | D:1      | empire the Mummy Necromancer began the quest for the Orb.
     0 | D:1      | Reached XP level 1. HP: 13/13 MP: 3/3
    74 | D:1      | Found a sparkling altar of Nemelex Xobeh.
   237 | D:1      | Reached XP level 2. HP: 15/19 MP: 0/5
  1074 | D:2      | Reached XP level 3. HP: 5/25 MP: 6/6
  1428 | D:2      | Reached skill level 1 in Fighting
  1571 | D:2      | Found a bloodstained altar of Trog.
  1635 | D:2      | Found a deep blue altar of Sif Muna.
  1969 | D:2      | Reached XP level 4. HP: 10/32 MP: 0/8
  2353 | D:2      | Learned a level 3 spell: Vampiric Draining
  2358 | D:2      | Learned a level 4 spell: Control Undead
  2390 | D:2      | Found a basalt altar of Yredelemnul.
  2536 | D:3      | Reached skill level 5 in Necromancy
  2568 | D:3      | Found a glowing drain.
  2571 | D:3      | Slain by a river rat

Skill      XL: |  1  2  3  4 |
---------------+-------------+-----
Fighting       | 1 |  1.0
Spellcasting   | 3 |  3.5
Necromancy     | 5 |  5.1
Dodging        | |  1.5
Stealth        | |  1.5

Action                   |  1- 3 |  4- 6 || total
-------------------------+-------+-------++-------
Melee: Short sword       |    88 |    29 ||   117
       Unarmed           |     2 |       ||     2
 Cast: Pain              |    34 |    24 ||    58
  Use: Scroll            |       |     3 ||     3
 Stab: Sleeping          |     5 |       ||     5
Armor: Robe              |    13 |     5 ||    18
Dodge: Dodged            |   100 |    23 ||   123
